| TOP OF THE 1ST |
|
Kingsport Mets batting - Pitching for Billings Mustangs : RHP David Alferez
|
|
Pitching: RHP David Alferez
|
|
|
Batting: RHB Enrique Aguirre
|
0-0: Ball 1-0: Ball 2-0: Called Strike 2-1: Foul Ball, location: 2F 2-2: Ball 3-2: Ground out 6-3 (Groundball, 6, EV 85.6 MPH)
|
|
Batting: RHB Artyom Shavkunov
|
0-0: Ball 1-0: Hit by Pitch
|
|
Batting: SHB Tyler Maddux
|
0-0: Fly out, F6 (Popup, 6M, EV 71.2 MPH)
|
|
Batting: SHB Nick Daigle
|
0-0: Foul Ball, location: 2F 0-1: Foul Ball, location: 2F 0-2: Foul Ball, location: 2F 0-2: Strikes out looking
|
| Top of the 1st over - 0 runs, 0 hits, 0 errors, 1 left on base; Kingsport 0 - Billings 0 |
| BOTTOM OF THE 1ST |
|
Billings Mustangs batting - Pitching for Kingsport Mets : RHP Frank Emery
|
|
Pitching: RHP Frank Emery
|
|
|
Batting: RHB Alex de Leon
|
0-0: Ball 1-0: Foul Ball, location: 2F 1-1: Ball 2-1: Called Strike 2-2: Ball 3-2: SOLO HOME RUN (Flyball, 9D, EV 103.1 MPH), Distance : 392 ft
|
|
Batting: RHB Alex Juarez
|
0-0: Ball 1-0: Ball 2-0: Called Strike 2-1: Ball 3-1: Base on Balls
|
|
Batting: SHB David Garnica
|
0-0: Ball 1-0: Ball 2-0: Reached on error, E5 (Groundball, 56S, EV 90.6 MPH) Alex Juarez to second
|
|
Batting: RHB Alex Villagomez
|
0-0: Ball 1-0: Swinging Strike 1-1: Swinging Strike 1-2: Strikes out swinging
|
|
Batting: SHB Jaivata Mohanty
|
0-0: Ball 1-0: Swinging Strike 1-1: Foul Ball, location: 2F 1-2: Foul Ball, location: 2F 1-2: Ball 2-2: Fielders Choice at 2nd, 6-4 (Groundball, 6M, EV 80.0 MPH) Alex Juarez to third
|
|
Batting: RHB Gabriel Arias
|
0-0: Called Strike 0-1: Fly out, F4 (Popup, 34, EV 71.9 MPH)
|
| Bottom of the 1st over - 1 run, 1 hit, 1 error, 2 left on base; Kingsport 0 - Billings 1 |
| TOP OF THE 2ND |
|
Kingsport Mets batting - Pitching for Billings Mustangs : RHP David Alferez
|
|
Batting: RHB Bill Crogan
|
0-0: Called Strike 0-1: SOLO HOME RUN (Flyball, 7D, EV 96.2 MPH), Distance : 382 ft
|
|
Batting: RHB Sam Callahan
|
0-0: Ball 1-0: SOLO HOME RUN (Flyball, 9D, EV 98.8 MPH), Distance : 373 ft
|
|
Batting: RHB Chris Artz
|
0-0: Ball 1-0: Ball 2-0: Ball 3-0: Called Strike 3-1: Called Strike 3-2: Foul Ball, location: 2F 3-2: DOUBLE (Line Drive, 9LM, EV 108.8 MPH)
|
|
Batting: SHB Adonis Jones
|
0-0: Called Strike 0-1: Ball 1-1: Ball 2-1: Foul Ball, location: 2F 2-2: Ground out 4-3 (Groundball, 4, EV 99.4 MPH) Chris Artz to third
|
|
Batting: SHB Josh Thomson
|
0-0: Called Strike 0-1: Ground out U3 (Groundball, 3, EV 109.4 MPH)
|
|
Batting: RHB Enrique Aguirre
|
0-0: Ball 1-0: Ball 2-0: Called Strike 2-1: Called Strike 2-2: Strikes out swinging
|
| Top of the 2nd over - 2 runs, 3 hits, 0 errors, 1 left on base; Kingsport 2 - Billings 1 |
| BOTTOM OF THE 2ND |
|
Billings Mustangs batting - Pitching for Kingsport Mets : RHP Frank Emery
|
|
Batting: RHB Will Trudeau
|
0-0: Called Strike 0-1: Ball 1-1: Called Strike 1-2: Strikes out swinging
|
|
Batting: LHB Alex Ramos
|
0-0: Ball 1-0: Ball 2-0: Fly out, F4 (Popup, 4D, EV 54.4 MPH)
|
|
Batting: RHB Ji-an See-to
|
0-0: Called Strike 0-1: Foul Ball, location: 2F 0-2: Ball 1-2: Foul Ball, location: 2F 1-2: Strikes out swinging
|
| Bottom of the 2nd over - 0 runs, 0 hits, 0 errors, 0 left on base; Kingsport 2 - Billings 1 |
| TOP OF THE 3RD |
|
Kingsport Mets batting - Pitching for Billings Mustangs : RHP David Alferez
|
|
Batting: RHB Artyom Shavkunov
|
0-0: DOUBLE (Line Drive, 7LD, EV 110.0 MPH)
|
|
Batting: SHB Tyler Maddux
|
0-0: Ball 1-0: Foul Ball, location: 2F 1-1: Ground out U3 (Groundball, 3, EV 88.1 MPH) Artyom Shavkunov to third
|
|
Batting: SHB Nick Daigle
|
0-0: Called Strike 0-1: Ball 1-1: Ball 2-1: 2-RUN HOME RUN (Flyball, 9D, EV 104.4 MPH), Distance : 390 ft
|
|
Batting: RHB Bill Crogan
|
0-0: SOLO HOME RUN (Flyball, 8LXD, EV 111.9 MPH), Distance : 432 ft
|
|
Batting: RHB Sam Callahan
|
0-0: Called Strike 0-1: Ball 1-1: Foul Ball, location: 2F 1-2: Ball 2-2: Ground out 6-3 (Groundball, 4MS, EV 88.1 MPH)
|
|
Batting: RHB Chris Artz
|
0-0: SINGLE (Flyball, 9LS, EV 93.8 MPH)
|
|
Pitching: RHP Kevin Larner
|
|
|
Batting: SHB Adonis Jones
|
0-0: Ball 1-0: 2-RUN HOME RUN (Flyball, 7D, EV 96.9 MPH), Distance : 372 ft
|
|
Batting: SHB Josh Thomson
|
0-0: Foul Ball, location: 2F 0-1: Ball 1-1: Called Strike 1-2: Strikes out looking
|
| Top of the 3rd over - 5 runs, 5 hits, 0 errors, 0 left on base; Kingsport 7 - Billings 1 |
| BOTTOM OF THE 3RD |
|
Billings Mustangs batting - Pitching for Kingsport Mets : RHP Frank Emery
|
|
Batting: RHB Alex de Leon
|
0-0: Ball 1-0: SINGLE (Groundball, 3D, EV 94.4 MPH)
|
|
Batting: RHB Alex Juarez
|
0-0: Ball 1-0: Ball Wild Pitch! Alex de Leon to second 2-0: Ball 3-0: Called Strike 3-1: Called Strike 3-2: Base on Balls
|
|
Batting: SHB David Garnica
|
0-0: Fielders Choice at 2nd, 6-4 (Groundball, 6, EV 90.0 MPH) Alex de Leon to third
|
|
Batting: RHB Alex Villagomez
|
0-0: Ball 1-0: Ball 2-0: Fielders Choice at 2nd, 3-6 (Groundball, 3S, EV 79.4 MPH) Alex de Leon scores
|
|
Batting: SHB Jaivata Mohanty
|
0-0: Ball 1-0: Called Strike 1-1: Ball 2-1: Ball 3-1: Foul Ball, location: 2F 3-2: Base on Balls Alex Villagomez to second
|
|
Batting: RHB Gabriel Arias
|
0-0: Ball 1-0: Foul Ball, location: 2F 1-1: Foul Ball, location: 2F 1-2: Ball 2-2: Foul Ball, location: 2F 2-2: DOUBLE (Line Drive, 89D, EV 107.5 MPH) Alex Villagomez scores Jaivata Mohanty to third Runner from 3rd tries for Home, SAFE, throw by CF to trailing runner, OUT at third! 8-3-5
|
| Bottom of the 3rd over - 3 runs, 2 hits, 0 errors, 0 left on base; Kingsport 7 - Billings 4 |
| TOP OF THE 4TH |
|
Kingsport Mets batting - Pitching for Billings Mustangs : RHP Kevin Larner
|
|
Batting: RHB Enrique Aguirre
|
0-0: Ball 1-0: Foul Ball, location: 2F 1-1: Swinging Strike 1-2: Strikes out swinging
|
|
Batting: RHB Artyom Shavkunov
|
0-0: Ball 1-0: Ground out 6-3 (Groundball, 6, EV 86.9 MPH)
|
|
Batting: SHB Tyler Maddux
|
0-0: Reached on error, E4 (Groundball, 4, EV 103.8 MPH)
|
|
Batting: SHB Nick Daigle
|
0-0: Ball Tyler Maddux steals 2nd base 1-0: Ball 2-0: Ball 3-0: Called Strike 3-1: Foul Ball, location: 2F 3-2: Foul Ball, location: 2F 3-2: Fly out, F7 (Flyball, 7D, EV 84.4 MPH)
|
| Top of the 4th over - 0 runs, 0 hits, 1 error, 1 left on base; Kingsport 7 - Billings 4 |
| BOTTOM OF THE 4TH |
|
Billings Mustangs batting - Pitching for Kingsport Mets : RHP Frank Emery
|
|
Batting: RHB Will Trudeau
|
0-0: Ball 1-0: Ground out 5-3 (Groundball, 5, EV 83.1 MPH)
|
|
Batting: LHB Alex Ramos
|
0-0: Ball 1-0: Called Strike 1-1: Swinging Strike 1-2: Ball 2-2: Foul Ball, location: 2F 2-2: Ball 3-2: Strikes out swinging
|
|
Batting: RHB Ji-an See-to
|
0-0: Called Strike 0-1: Ball 1-1: Ball 2-1: Ball 3-1: Foul Ball, location: 2F 3-2: Base on Balls
|
|
Batting: RHB Alex de Leon
|
0-0: Ground out 4-3 (Groundball, 4M, EV 101.9 MPH)
|
| Bottom of the 4th over - 0 runs, 0 hits, 0 errors, 1 left on base; Kingsport 7 - Billings 4 |
| TOP OF THE 5TH |
|
Kingsport Mets batting - Pitching for Billings Mustangs : RHP Kevin Larner
|
|
Batting: RHB Bill Crogan
|
0-0: Ball 1-0: Foul Ball, location: 2F 1-1: Swinging Strike 1-2: Strikes out swinging
|
|
Batting: RHB Sam Callahan
|
0-0: Called Strike 0-1: Fly out, F9 (Flyball, 89S, EV 75.6 MPH)
|
|
Batting: RHB Chris Artz
|
0-0: Foul Ball, location: 2F 0-1: Ball 1-1: Ground out 6-3 (Groundball, 6, EV 80.0 MPH)
|
| Top of the 5th over - 0 runs, 0 hits, 0 errors, 0 left on base; Kingsport 7 - Billings 4 |
| BOTTOM OF THE 5TH |
|
Billings Mustangs batting - Pitching for Kingsport Mets : RHP Frank Emery
|
|
Batting: RHB Alex Juarez
|
0-0: TRIPLE (Flyball, 89XD, EV 101.2 MPH)
|
|
Batting: SHB David Garnica
|
0-0: Ground out 4-3 (Groundball, 4, EV 96.2 MPH) Alex Juarez scores
|
|
Batting: RHB Alex Villagomez
|
0-0: SOLO HOME RUN (Flyball, 78XD, EV 115.0 MPH), Distance : 416 ft
|
|
Pitching: RHP Jason Jones
|
|
|
Batting: SHB Jaivata Mohanty
|
0-0: Foul Ball, location: 2F 0-1: Ball 1-1: Ball 2-1: Called Strike 2-2: Ball 3-2: SOLO HOME RUN (Flyball, 9LD, EV 98.8 MPH), Distance : 354 ft
|
|
Batting: RHB Gabriel Arias
|
0-0: Ball 1-0: Ground out U3 (Groundball, 3, EV 82.5 MPH)
|
|
Batting: RHB Will Trudeau
|
0-0: Called Strike 0-1: Foul Ball, location: 2F 0-2: Strikes out swinging
|
| Bottom of the 5th over - 3 runs, 3 hits, 0 errors, 0 left on base; Kingsport 7 - Billings 7 |
| TOP OF THE 6TH |
|
Kingsport Mets batting - Pitching for Billings Mustangs : RHP Kevin Larner
|
|
Batting: SHB Adonis Jones
|
0-0: Ball 1-0: Ball 2-0: Ball 3-0: Called Strike 3-1: Base on Balls
|
|
Batting: SHB Josh Thomson
|
0-0: Called Strike 0-1: Foul Ball, location: 2F 0-2: Ball 1-2: Fly out, F8 (Flyball, 8RM, EV 91.9 MPH)
|
|
Batting: RHB Enrique Aguirre
|
0-0: Called Strike 0-1: Grounds into double play, 4-6-3 (Groundball, 4, EV 103.1 MPH)
|
| Top of the 6th over - 0 runs, 0 hits, 0 errors, 0 left on base; Kingsport 7 - Billings 7 |
| BOTTOM OF THE 6TH |
|
Billings Mustangs batting - Pitching for Kingsport Mets : RHP Jason Jones
|
|
Batting: LHB Alex Ramos
|
0-0: Ball 1-0: Fly out, F7 (Line Drive, 7, EV 102.5 MPH)
|
|
Batting: RHB Ji-an See-to
|
0-0: Ball 1-0: Fly out, F9 (Line Drive, 9S, EV 92.5 MPH)
|
|
Batting: RHB Alex de Leon
|
0-0: Fly out, F4 (Popup, 34, EV 68.1 MPH)
|
| Bottom of the 6th over - 0 runs, 0 hits, 0 errors, 0 left on base; Kingsport 7 - Billings 7 |
| TOP OF THE 7TH |
|
Kingsport Mets batting - Pitching for Billings Mustangs : RHP Kevin Larner
|
|
Batting: RHB Artyom Shavkunov
|
0-0: Ground out 5-3 (Groundball, 5, EV 84.4 MPH)
|
|
Batting: SHB Tyler Maddux
|
0-0: Swinging Strike 0-1: Ground out 2-3 (Groundball, 13S, EV 77.5 MPH)
|
|
Batting: SHB Nick Daigle
|
0-0: Ground out 5-3 (Groundball, 56, EV 101.9 MPH)
|
| Top of the 7th over - 0 runs, 0 hits, 0 errors, 0 left on base; Kingsport 7 - Billings 7 |
| BOTTOM OF THE 7TH |
|
Billings Mustangs batting - Pitching for Kingsport Mets : RHP Jason Jones
|
|
Batting: RHB Alex Juarez
|
0-0: SINGLE (Groundball, 6, EV 98.1 MPH)
|
|
Batting: SHB David Garnica
|
0-0: Ball Alex Juarez steals 2nd base 1-0: Ball 2-0: Ball 3-0: Called Strike 3-1: Base on Balls
|
|
Batting: RHB Alex Villagomez
|
0-0: Ball 1-0: Ball 2-0: Called Strike 2-1: Ball 3-1: Base on Balls Alex Juarez to third David Garnica to second
|
|
Batting: SHB Jaivata Mohanty
|
0-0: Ball 1-0: Ball 2-0: Called Strike 2-1: Called Strike 2-2: Ball 3-2: Foul Ball, location: 2F 3-2: Strikes out swinging
|
|
Batting: RHB Gabriel Arias
|
0-0: Ball 1-0: Called Strike 1-1: Swinging Strike 1-2: SINGLE (Groundball, 56, EV 103.1 MPH) Alex Juarez scores David Garnica to third Alex Villagomez to second
|
|
Batting: RHB Will Trudeau
|
0-0: Foul Ball, location: 2F 0-1: Ball 1-1: GRAND SLAM HOME RUN (Flyball, 78XD, EV 101.2 MPH), Distance : 392 ft
|
|
Pitching: RHP Jose Herrera
|
|
|
Batting: LHB Alex Ramos
|
0-0: Foul Ball, location: 2F 0-1: Ground out 6-3 (Groundball, 6, EV 87.5 MPH)
|
|
Batting: RHB Ji-an See-to
|
0-0: Called Strike 0-1: Swinging Strike 0-2: Ball 1-2: Ball 2-2: Strikes out swinging
|
| Bottom of the 7th over - 5 runs, 3 hits, 0 errors, 0 left on base; Kingsport 7 - Billings 12 |
| TOP OF THE 8TH |
|
Kingsport Mets batting - Pitching for Billings Mustangs : RHP Kevin Larner
|
|
Pitching: LHP Gabe Alcantara
|
|
|
Batting: RHB Bill Crogan
|
0-0: Ball 1-0: Ball 2-0: Ball 3-0: Base on Balls
|
|
Batting: RHB Sam Callahan
|
0-0: Ball 1-0: Called Strike 1-1: Swinging Strike 1-2: 2-RUN HOME RUN (Flyball, 7D, EV 93.1 MPH), Distance : 361 ft
|
|
Batting: RHB Chris Artz
|
0-0: Ball 1-0: Foul Ball, location: 2F 1-1: Ground out 5-3 (Groundball, 5, EV 86.2 MPH)
|
|
Batting: SHB Adonis Jones
|
0-0: Ball 1-0: Ball 2-0: Foul Ball, location: 2F 2-1: Foul Ball, location: 2F 2-2: Strikes out swinging
|
|
Batting: SHB Josh Thomson
|
0-0: Foul Ball, location: 2F 0-1: Swinging Strike 0-2: Ground out 6-3 (Groundball, 6, EV 81.9 MPH)
|
| Top of the 8th over - 2 runs, 1 hit, 0 errors, 0 left on base; Kingsport 9 - Billings 12 |
| BOTTOM OF THE 8TH |
|
Billings Mustangs batting - Pitching for Kingsport Mets : RHP Jose Herrera
|
|
Batting: RHB Alex de Leon
|
0-0: Ball 1-0: Swinging Strike 1-1: Called Strike 1-2: Fly out, F8 (Line Drive, 8LD, EV 91.9 MPH)
|
|
Batting: RHB Alex Juarez
|
0-0: Ball 1-0: Called Strike 1-1: Ball 2-1: Ball 3-1: Called Strike 3-2: Strikes out swinging
|
|
Batting: SHB David Garnica
|
0-0: Called Strike 0-1: Foul Ball, location: 2F 0-2: Strikes out looking
|
| Bottom of the 8th over - 0 runs, 0 hits, 0 errors, 0 left on base; Kingsport 9 - Billings 12 |
| TOP OF THE 9TH |
|
Kingsport Mets batting - Pitching for Billings Mustangs : LHP Gabe Alcantara
|
|
Pitching: RHP Guang Jue
|
|
|
Batting: RHB Enrique Aguirre
|
0-0: Called Strike 0-1: Ball 1-1: Ball 2-1: Foul Ball, location: 2F 2-2: SOLO HOME RUN (Flyball, 7LD, EV 92.5 MPH), Distance : 352 ft
|
|
Batting: RHB Artyom Shavkunov
|
0-0: Foul Ball, location: 2F 0-1: Ball 1-1: SINGLE (Groundball, 6MD, EV 99.4 MPH)
|
|
Batting: SHB Tyler Maddux
|
0-0: Foul Ball, location: 2F 0-1: Ball 1-1: Ball 2-1: Swinging Strike 2-2: Foul Ball, location: 2F 2-2: Ball 3-2: Base on Balls Artyom Shavkunov to second
|
|
Batting: SHB Nick Daigle
|
0-0: Ball 1-0: Called Strike 1-1: Ball 2-1: Foul Ball, location: 2F 2-2: Ball 3-2: Grounds into double play, 4-6-3 (Groundball, 4, EV 78.1 MPH) Artyom Shavkunov to third
|
|
Batting: RHB Bill Crogan
|
0-0: Foul Ball, location: 2F 0-1: Ball 1-1: Ball 2-1: Ball 3-1: Foul Ball, location: 2F 3-2: Base on Balls
|
|
Batting: RHB Sam Callahan
|
0-0: Ball 1-0: Called Strike 1-1: Swinging Strike 1-2: Ball 2-2: Ball 3-2: Foul Ball, location: 2F 3-2: Base on Balls Bill Crogan to second
|
|
Batting: RHB Chris Artz
|
0-0: Ball 1-0: Foul Ball, location: 2F 1-1: SINGLE (Groundball, 56D, EV 98.1 MPH) Artyom Shavkunov scores Bill Crogan to third Sam Callahan to second Runner from 3rd tries for Home, SAFE, throw by LF to home
|
|
Batting: SHB Adonis Jones
|
0-0: Called Strike 0-1: Foul Ball, location: 2F 0-2: Ball 1-2: Ball 2-2: Strikes out swinging
|
| Top of the 9th over - 3 runs, 3 hits, 0 errors, 2 left on base; Kingsport 12 - Billings 12 |
| BOTTOM OF THE 9TH |
|
Billings Mustangs batting - Pitching for Kingsport Mets : RHP Jose Herrera
|
|
Batting: RHB Alex Villagomez
|
0-0: Ball 1-0: SINGLE (Line Drive, 89S, EV 86.2 MPH)
|
|
Batting: SHB Jaivata Mohanty
|
0-0: Ball 1-0: Ball 2-0: Ball 3-0: Called Strike 3-1: Called Strike 3-2: Foul Ball, location: 2F 3-2: Fielders Choice at 2nd, 5-4 (Groundball, 56, EV 101.2 MPH)
|
|
Pitching: LHP Nestor Donato
|
|
|
Batting: RHB Gabriel Arias
|
0-0: Called Strike 0-1: Foul Ball, location: 2F 0-2: Strikes out swinging
|
|
Batting: RHB Will Trudeau
|
0-0: Ball 1-0: Ball 2-0: Ball 3-0: Called Strike 3-1: Fly out, F9 (Flyball, 89M, EV 84.4 MPH)
|
| Bottom of the 9th over - 0 runs, 1 hit, 0 errors, 1 left on base; Kingsport 12 - Billings 12 |
| TOP OF THE 10TH |
|
Kingsport Mets batting - Pitching for Billings Mustangs : RHP Guang Jue
|
|
Pitching: RHP Bayani Blanco
|
|
|
Batting: SHB Josh Thomson
|
0-0: Swinging Strike 0-1: Ball 1-1: Foul Ball, location: 2F 1-2: Foul Ball, location: 2F 1-2: Strikes out swinging, 2-3 out at first.
|
|
Batting: RHB Enrique Aguirre
|
0-0: Ball 1-0: Swinging Strike 1-1: Ball 2-1: SINGLE (Groundball, 34D, EV 107.5 MPH)
|
|
Batting: RHB Artyom Shavkunov
|
0-0: Ball 1-0: SINGLE (Groundball, 6MS, EV 82.5 MPH) (infield hit) Enrique Aguirre to second
|
|
Batting: SHB Tyler Maddux
|
0-0: Foul Ball, location: 2F 0-1: Ball 1-1: Ball 2-1: Called Strike 2-2: SINGLE (Line Drive, 78S, EV 102.5 MPH) Enrique Aguirre to third Artyom Shavkunov to second Runner from 3rd tries for Home, throw by LF and OUT! 7-2
|
|
Batting: SHB Nick Daigle
|
0-0: Ball 1-0: Called Strike 1-1: Swinging Strike 1-2: Foul Ball, location: 2F 1-2: Fielders Choice at 2nd, 5-4 (Groundball, 5, EV 101.9 MPH)
|
| Top of the 10th over - 0 runs, 3 hits, 0 errors, 2 left on base; Kingsport 12 - Billings 12 |
| BOTTOM OF THE 10TH |
|
Billings Mustangs batting - Pitching for Kingsport Mets : LHP Nestor Donato
|
|
Pinch Hitting: RHB Ch'ang-chieh Hsia
|
0-0: Called Strike 0-1: Ball 1-1: Called Strike 1-2: Strikes out swinging
|
|
Batting: RHB Ji-an See-to
|
0-0: Ball 1-0: SINGLE (Groundball, 6MD, EV 97.5 MPH)
|
|
Batting: RHB Alex de Leon
|
0-0: Sac Bunt to 25 - play at first, batter OUT! 5-3 Ji-an See-to to second
|
|
Batting: RHB Alex Juarez
|
0-0: Swinging Strike 0-1: DOUBLE (Flyball, 89XD, EV 102.5 MPH) Ji-an See-to scores
|
| Bottom of the 10th over - 1 run, 2 hits, 0 errors, 1 left on base; Kingsport 12 - Billings 13 |
|